 Dungeon Crawl Stone Soup version 0.32-a0-918-g0f22ef8d61 (webtiles) character file.

Game seed: 6804984500697174250

14 innerfire43 the Trooper (level 2, -1/24 HPs)
             Began as a Demonspawn Monk on Apr 10, 2024.
             Slain by a gnoll
             ... wielding a +0 halberd
              (10 damage)
             ... on level 2 of the Dungeon.
             The game lasted 00:01:19 (794 turns).

innerfire43 the Trooper (Demonspawn Monk)            Turns: 794, Time: 00:01:20

Health: -1/24      AC:  2    Str: 11    XL:     2   Next: 27%
Magic:  2/2        EV: 11    Int: 10    God:
Gold:   144        SH:  0    Dex: 15    Spells: 1/1 levels left

rFire   + . .        a - +0 hand axe
rCold   x . .        d - orb {light}
rNeg    . . .        b - +0 robe
rPois   .            (no helmet)
rElec   .            (no cloak)
rCorr   .            (no gloves)
SInv    .            (no boots)
Will    .....        (no amulet)
Stlth   +            k - ring of fire
HPRegen 0.24/turn    (no ring)
MPRegen 0.08/turn

%: no passive effects
@: glowing
A: powered by pain 1
a: no special abilities


You were on level 2 of the Dungeon.
You visited 1 branch of the dungeon, and saw 2 of its levels.

You collected 144 gold pieces.

Inventory:

Hand Weapons
 a - a +0 hand axe (weapon)
 h - a +1 falchion of freezing
Armour
 b - a +0 robe (worn)
 d - an orb of light (worn)
Jewellery
 k - a ring of fire (left hand)
Potions
 c - a potion of ambrosia
 e - 2 potions of brilliance {unknown}
 f - a potion of degeneration {unknown}
 g - a potion of curing {unknown}
 j - a potion of heal wounds {unknown}


   Skills:
 + Level 3.1 Fighting
 + Level 2.9 Axes
 * Level 1.1 Armour
 - Level 2.6 Dodging


You had one spell level left.
You didn't know any spells.
Your spell library was empty.

Dungeon Overview and Level Annotations

Branches:
Dungeon (2/15)

Altars:

Shops:
D:1 ?


Innate Abilities, Weirdness & Mutations

You sometimes gain a little power by taking damage.


Message History

You see here a ball python skeleton.
There is an entrance to Fisigaso's Magic Scroll Shop here.
There is an open door here.
There is a stone staircase leading down here.
You climb downwards.
There is a stone staircase leading up here.
You open the door.
There is an open door here.
You open the door.
Found a stone staircase leading down.
A bat and a gnoll come into view.
The gnoll shouts!
The gnoll moves out of view.
A gnoll comes into view. It is wielding a +0 halberd.
The gnoll shouts!
You hear a shout!
A gnoll comes into view. It is wielding a +0 flail.
The bat hits you but does no damage.
There are monsters nearby!
You hit the bat but do no damage. The bat closely misses you.
There are monsters nearby!
You hit the bat.
The bat is moderately wounded.
The bat barely misses you. x2
You hit the bat.
You kill the bat!
There are monsters nearby!
You hit the gnoll.
The gnoll is moderately wounded.
The gnoll barely misses you.
There are monsters nearby!
You hit the gnoll but do no damage.
The gnoll is moderately wounded.
The gnoll barely misses you.
The gnoll hits you from afar with a +0 halberd!
There are monsters nearby!
You hit the gnoll.
The gnoll is heavily wounded.
The gnoll hits you with a +0 whip!
The gnoll hits you from afar with a +0 halberd!
You die...

######..
####....#.
#....>...
#.##....#
#.......# #.....#
#.....####
#g@......#
....gg.####...#
....##. #...# ...
## #...# . #...#
#######...######..
#.....'...'......#
#.#####...######.#
#...######..


You could see 3 gnolls.

Vanquished Creatures
  A ball python (D:1)
  2 bats
  An endoplasm (D:1)
  2 giant cockroaches (D:1)
  A hobgoblin (D:1)
  A quokka (D:1)
  A frilled lizard (D:1)
  2 kobolds (D:1)
11 creatures vanquished.

Notes
Turn   | Place    | Note
-------+----------+-------------------------------------------
     0 | D:1      | innerfire43 the Demonspawn Monk began the quest for the
                  | Orb.
     0 | D:1      | Reached XP level 1. HP: 18/18 MP: 1/1
   237 | D:1      | Reached skill level 1 in Armour
   237 | D:1      | Gained mutation: You sometimes gain a little power by
                  | taking damage. [demonic ancestry]
   237 | D:1      | Reached XP level 2. HP: 23/24 MP: 2/2
   358 | D:1      | Found Fisigaso's Magic Scroll Shop.
   794 | D:2      | Slain by a gnoll

Illustrated notes

Levels and vault maps discovered:
D:1:      amcnicky_arrival_blooded_trapdoor, layout_basic, serial_shops,
          shop_coins
D:2:      layout_basic

Skill      XL: |  1 |
---------------+----+-----
Armour         | 1 |  1.1
Fighting       | |  3.1
Axes           | |  2.9
Dodging        | |  2.6

Action                     || total
---------------------------++-------
  Melee: Hand axe          ||    35
    Use: Scroll            ||     1
 Armour: Robe              ||    23
  Dodge: Dodged            ||    24

Table legend: (Time is in decaauts)
 A = Elapsed time spent in this place.
 B = Non-inter-level travel time spent in this place.
 C = Inter-level travel time spent in this place.
 D = Time resting spent in this place.
 E = Time spent auto-exploring this place.
 F = Levels seen in this place.
 G = Mean time per level.
                   A        B        C        D        E       F      G
               +--------+--------+--------+--------+--------+-----+--------+
         Total |    798 |    602 |    196 |      0 |    455 |   2 |  399.0 |
       Dungeon |    798 |    602 |    196 |      0 |    455 |   2 |  399.0 |
               +--------+--------+--------+--------+--------+-----+--------+

Top non-repeatable levels by time:
     D:1: 763 daAuts
     D:2: 35 daAuts
